cohdb
Replays
Latest Replays
All Replays
Popular Replays
Top Player Replays
Match Explorer
How It Works
Community
CoH3 Stats
Reddit
Sign in to upload your games and track your stats! →
Sign in with Steam
Match 48530367
Unlisted
Match 48530367
Overview
Messages
Build Orders
End
Pioneer Squad
Pioneer Squad
Construct Infanterie Kompanie
MG 42 Machine Gun Team
Grenadier Squad
Grenadier Squad
Selects Breakthrough Battlegroup
Selects Assault Grenadiers
Infanterie Officer Quarters
Grenadier Squad
Grenadier Squad
Selects Breakthrough
Selects 2.5-tonne Cargo Truck
2.5-tonne Cargo Truck
Medical Bunker
Construct Panzergrenadier Kompanie
Pak 40 Anti-tank Gun Team
Breakthrough
Construct Panzer Kompanie
Selects Blitzkrieg
Panzer IV Medium Tank
Side Skirts
PAX AJAX
MoronPark-MonikaのPants
ConcernedApe
Novacaine
0
0
Comments
sign in to comment!
No comments posted yet!